Map: Lerilak Crest

Players

GoldenAnvil - Winner!

  • Race: Zerg Zerg
  • League: Diamond

LilDicky

  • Race: Terran Terran
  • League: Diamond

VOD

http://www.twitch.tv/tumescentpie

Description

Time

  • Played on: Nov. 23, 2015, 11:34 a.m.
  • Length: 4:10
Show
View Real Time Build Order
Export as new Build Order

GoldenAnvil Zerg - Winner!

Build Orders: Hatch First 

Get SALT Encoding   

  12  0:01  Drone  
  13  0:15  Overlord  
  13  0:17  Drone  
  14  0:34  Drone x2  
  16  0:38  Drone  
  17  0:56  Hatchery  
  16  0:58  Drone  
  16  1:01  Extractor  
  16  1:02  Drone  
  17  1:17  Spawning Pool  
  16  1:19  Drone  
  16  1:24  Drone  
  18  1:31  Drone  
  19  1:41  Overlord  
  19  2:06  Zergling x4  
  19  2:07  Queen  
  19  2:08  Queen  
  25  2:09  Zergling x2  
  25  2:14  Metabolic Boost  
  26  2:19  Drone x2  
  28  2:30  Extractor  
  28  2:35  Drone x3  
  31  2:43  Drone  
  31  2:53  Overlord x2  
  31  2:59  Zergling x2  
  31  3:04  Zergling x2  
  33  3:11  Zergling x2  
  34  3:14  Queen x2  
  38  3:26  Zergling x6  
  38  3:27  Drone x5  
  45  3:46  Drone x3  
  48  3:53  Hatchery  
Show
View Real Time Build Order
Export as new Build Order

LilDicky Terran 

Build Orders:  

Get SALT Encoding   

  12  0:01  SCV  
  13  0:13  SCV  
  14  0:17  Supply Depot  
  14  0:25  SCV  
  15  0:30  Refinery  
  15  0:39  SCV  
  16  0:45  Barracks  
  16  0:51  SCV  
  17  1:03  SCV  
  18  1:15  SCV  
  19  1:27  SCV  
  19  1:32  Reaper  
  21  1:33  Supply Depot  
  21  1:39  Orbital Command  
  21  2:01  Command Center  
  21  2:04  Reaper  
  22  2:14  SCV  
  23  2:16  Factory  
  23  2:21  Refinery  
  23  2:48  SCV  
  23  2:50  Barracks Reactor  
  24  3:00  SCV  
  25  3:12  SCV  
  25  3:25  SCV  
  26  3:36  Starport  
  26  3:41  Hellion x2  
  28  3:42  Orbital Command  
  28  3:44  SCV  
  29  3:49  Marine  
  29  3:57  SCV  
Tags
 
Add a new tag
Caveats
  • Supply blocks, unpowered buildings, or Contaminate may cause inaccurate times.
  • Supply counts are checked every 10 seconds.